Map: 하드와이어 - 래더

Players

RagnaroK (SHIN) - Winner!

  • Race: Zerg Zerg
  • League: Master

Trap

  • Race: Protoss Protoss

Event: DreamHack SC2 Masters Last Chance 2022

VOD

Have the link to the VOD?

Description

Time

  • Played on: Dec. 15, 2021, 4:44 a.m.
  • Length: 5:12

All games in this series

Show
View Real Time Build Order
Export as new Build Order

RagnaroK Zerg - Winner!

Build Orders: Hatch First 

Get SALT Encoding   

  12  0:00  Drone  
  13  0:08  Drone  
  14  0:17  Overlord  
  14  0:22  Drone, Extractor  
  15  0:35  Drone x2  
  17  0:51  Hatchery  
  17  0:54  Drone  
  17  0:58  Drone  
  18  1:08  Extractor  
  17  1:12  Spawning Pool  
  17  1:15  Drone  
  17  1:18  Drone  
  18  1:27  Drone  
  19  1:37  Drone  
  20  1:48  Drone  
  21  1:59  Zergling x2  
  22  2:03  Queen  
  22  2:04  Zergling x2  
  27  2:10  Metabolic Boost, Overlord  
  27  2:14  Drone  
  28  2:21  Drone  
  27  2:27  Hatchery  
  27  2:28  Drone  
  27  2:35  Roach Warren  
  26  2:41  Overlord  
  26  3:03  Overlord  
  26  3:15  Roach x6  
  38  3:27  Zergling x8  
  42  3:38  Zergling x4  
  44  3:42  Zergling x4  
  44  3:43  Zergling x4  
  44  3:47  Ravager  
  49  3:48  Zergling x2  
  49  3:49  Zergling x2  
  49  3:53  Zergling x2  
  52  3:56  Queen  
  52  3:59  Zergling x2  
  52  4:01  Zergling x2  
  56  4:06  Ravager  
  56  4:07  Zergling x2  
  58  4:14  Overlord  
  57  4:22  Zergling x4  
  57  4:23  Overlord  
  57  4:25  Zergling x2  
  57  4:33  Zergling x2  
  57  4:34  Zergling x4  
  57  4:36  Zergling x2  
  60  4:40  Zergling x2  
  58  4:45  Zergling x6  
  56  4:54  Zergling x4  
  56  4:55  Zergling x2  
Show
View Real Time Build Order
Export as new Build Order

Trap Protoss 

Build Orders: 1 Gate Expand, Mass Adepts 

Get SALT Encoding   

  12  0:00  Probe  
  13  0:13  Pylon  
  13  0:17  Probe (Chrono Boost)  
  14  0:26  Probe (Chrono Boost)  
  15  0:31  Probe (Chrono Boost)  
  16  0:40  Gateway  
  16  0:43  Probe  
  16  0:48  Assimilator  
  17  0:55  Probe  
  18  1:08  Probe  
  19  1:20  Probe  
  19  1:24  Nexus  
  20  1:35  Cybernetics Core  
  20  1:37  Probe  
  21  1:44  Assimilator  
  21  1:49  Probe  
  21  1:52  Pylon  
  22  2:01  Probe (Chrono Boost)  
  23  2:11  Adept, Warp Gate  
  23  2:13  Probe (Chrono Boost)  
  26  2:21  Twilight Council  
  26  2:22  Probe (Chrono Boost)  
  28  2:30  Probe (Chrono Boost)  
  28  2:36  Probe (Chrono Boost)  
  29  2:41  Stalker  
  32  2:45  Probe x2 (Chrono Boost)  
  32  2:50  Robotics Facility, Probe (Chrono Boost)  
  33  2:55  Probe  
  35  3:04  Probe  
  36  3:06  Gateway  
  36  3:07  Resonating Glaives (Chrono Boost), Probe  
  37  3:16  Probe  
  37  3:18  Adept  
  37  3:19  Probe  
  41  3:31  Gateway  
  41  3:32  Gateway  
  41  3:36  Warp Prism (Chrono Boost)  
  43  3:45  Pylon  
  43  3:46  Probe x2  
  45  3:53  Pylon  
  45  4:03  Gateway  
  45  4:04  Gateway  
  45  4:06  Adept  
  45  4:07  Adept  
  50  4:16  Gateway  
  42  4:25  Adept  
  42  4:26  Adept  
  42  4:27  Adept x2  
  43  4:47  Adept x2  
  43  4:52  Probe  
  30  5:02  Adept  

Tags
 
Add a new tag
Caveats
  • Supply blocks, unpowered buildings, or Contaminate may cause inaccurate times.
  • Supply counts are checked every 10 seconds.